 Dungeon Crawl Stone Soup version 0.29.1-1-gd02db6906a (webtiles) character file.

Game seed: 11807259570481961264

37 Ashen the Chiller (level 3, 19/24 HPs)
             Began as a Demonspawn Ice Elementalist on Oct 20, 2022.
             Got out of the dungeon alive.
             The game lasted 00:02:23 (1367 turns).

Ashen the Chiller (Demonspawn Ice Elementalist)     Turns: 1367, Time: 00:02:23

Health: 19/24      AC:  2    Str:  8    XL:     3   Next: 21%
Magic:  15/15      EV: 12    Int: 18    God:
Gold:   101        SH:  0    Dex: 13    Spells: 5/6 levels left

rFire   . . .      SeeInvis .   h - +0 rapier
rCold   . . .      Faith    .   (no shield)
rNeg    . . .      Spirit   .   a - +0 robe
rPois   .          Reflect  .   (no helmet)
rElec   .          Harm     .   (no cloak)
rCorr   +          Rampage  .   (no gloves)
Will    .....                   (no boots)
Stlth   ++........              (no amulet)
HPRegen 0.08/turn               c - ring of magical power
MPRegen 0.14/turn               d - ring of resist corrosion

@: no status effects
A: spiny 1, demonic magic 1
a: no special abilities


You escaped.
You visited 1 branch of the dungeon, and saw 2 of its levels.

You collected 101 gold pieces.

Inventory:

Hand Weapons
 h - a +0 rapier (weapon)
Armour
 a - a +0 robe (worn)
Jewellery
 c - a ring of magical power (left hand)
 d - a ring of resist corrosion (right hand)
Scrolls
 e - a scroll of noise {unknown}
 g - a scroll of identify {unknown}
Potions
 b - a potion of magic
 f - 2 potions of flight {unknown}
 i - a potion of ambrosia {unknown}


   Skills:
 + Level 2.2 Dodging
 + Level 2.3 Stealth
 + Level 2.4 Spellcasting
 + Level 3.9 Ice Magic


You had 5 spell levels left.
You knew the following spells:

 Your Spells              Type           Power      Damage    Failure   Level
a - Freeze                Ice            64%        1d8       3%          1

Your spell library contained the following spells:

 Spells                   Type           Power      Damage    Failure   Level
 Frozen Ramparts          Ice            32%        1d5       11%         3
 Ozocubu's Armour         Ice            16%        N/A       11%         3
 Summon Small Mammal      Summ           8%         N/A       17%         1
 Call Canine Familiar     Summ           2%         N/A       45%         3
 Summon Guardian Golem    Hex/Summ       2%         N/A       45%         3
 Hailstorm                Conj/Ice       9%         3d4       61%         4
 Chain Lightning          Conj/Air       1%         3d1       100%        9
 Fire Storm               Conj/Fire      1%         7d1       100%        9
 Shatter                  Erth           1%         3d5*      100%        9


Dungeon Overview and Level Annotations

Branches:
Dungeon (2/15)

Altars:


Innate Abilities, Weirdness & Mutations

You are partially covered in sharp spines.
Spells you cast may paralyse adjacent enemies.


Message History

The kobold shouts!
You hear a shout!
You have reached level 3!
Your experience leads to an increase in your attributes!
Increase (S)trength, (I)ntelligence, or (D)exterity?
You feel clever. x2; Your demonic ancestry asserts itself...
A menacing aura infuses your magic.
You barely miss the kobold. The kobold hits you with a +0 dagger.
You hit the kobold.
The kobold is moderately wounded.
A goblin comes into view. It is wielding a +0 club.
The kobold is struck by your spines.
You kill the kobold!
The goblin unwields a +0 club.
The goblin wields a +0 sling.
The goblin shoots a sling bullet.
The sling bullet hits you.
You hear a shout!
There is an open door here.
You see here a +0 dagger.
Found a stone staircase leading up.
The goblin unwields a +0 sling.
The goblin wields a +0 club.
The goblin hits you with a +0 club.
You barely miss the goblin.
A goblin comes into view. It is wielding a +0 club.
The goblin barely misses you.
You closely miss the goblin. The goblin is struck by your spines.
The goblin hits you with a +0 club.
You hit the goblin.
You kill the goblin!
The goblin hits you but does no damage.
You hit the goblin.
You kill the goblin!
No target in view!
Items here: ))) †.
There is a stone staircase leading up here.
You climb upwards.
There is a stone staircase leading down here.
There is an open door here.
There is a dry fountain here.
There is a staircase leading out of the dungeon here.
Are you sure you want to leave the Dungeon?
This will make you lose the game!
You have escaped!

.(.......# #.####.###'##..≈≈#≈≈≈
..###########...........+..##≈≈≈≈
###.........######......#...#≈≈#≈
...............###......#...~##≈≈
.....⌠...⌠.......#.....##.....~~#
..⌠.........⌠...##.#'####........
.......≈.........#...............
.⌠....(......⌠...#...[...........
....≈.....≈.....@#...............
.⌠...........⌠...#...............
.......≈.........#...............
..⌠.........⌠...##...............
.....⌠...⌠.......##..............
...............####..............
###.........#### #..............
# #################...###........
# #......##....................


There were no monsters in sight!

Vanquished Creatures
  An adder (D:2)
  2 ball pythons (D:1)
  An endoplasm (D:1)
  2 giant cockroaches (D:1)
  3 goblins
  3 hobgoblins (D:1)
  2 kobolds
  A quokka (D:2)
  5 bats (D:1)
  2 frilled lizards (D:2)
  2 rats (D:1)
24 creatures vanquished.

Notes
Turn   | Place    | Note
-------+----------+-------------------------------------------
     0 | D:1      | Ashen the Demonspawn Ice Elementalist began the quest for
                  | the Orb.
     0 | D:1      | Reached XP level 1. HP: 13/13 MP: 3/3
   290 | D:1      | Gained mutation: You are partially covered in sharp spines.
                  | [demonic ancestry]
   290 | D:1      | Reached XP level 2. HP: 16/19 MP: 5/5
  1291 | D:2      | Gained mutation: Spells you cast may paralyse adjacent
                  | enemies. [demonic ancestry]
  1291 | D:2      | Reached XP level 3. HP: 24/24 MP: 6/6
  1367 | D:$      | Got out of the dungeon alive.

Illustrated notes

Levels and vault maps discovered:
D:1:      dpeg_arrival_stone_temple_mockup, layout_basic,
          minmay_misc_feat_diagonals, hex_tiny, minivault_4, chequers_arboretum,
          minmay_misc_feat_secret_circle
D:2:      layout_basic, minmay_misc_feat_alley

Skill      XL: |  1 |
---------------+----+-----
Stealth        | 2 |  2.3
Dodging        | 2 |  2.2
Spellcasting   | |  2.4
Ice Magic      | |  3.9

Action                   || total
-------------------------++-------
Melee: Unarmed           ||    40
       Punch             ||     1
       Rapier            ||    11
 Cast: Freeze            ||    15
 Stab: Sleeping          ||     2
Armor: Robe              ||    16
Dodge: Dodged            ||    35
